Unix NetHack Version 3.7.0-65 Work-in-progress - last build Oct 10 2022 05:34:18 (2afc5cfc90f7ecdc2856d9919a2295b875398e55,branch:master). Game began 2022-10-14 08:05:08, ended 2022-10-14 08:27:44. ichbinmiah, chaotic female human Rogue ------ |....| #-....| #|....| -.---------- #|....| |..{...d@h).# #|....| |..<.......|# )####0|....| |..........|# # ---.-- ---+--------# # # #### # # # ## # --|-- +...| |...| |>..| |...| ----- Ichbinmiah the Cutpurse St:13 Dx:17 Co:14 In:11 Wi:12 Ch:9 Chaotic Dlvl:4 $:6 HP:0(35) Pw:18(18) AC:2 Xp:5/182 T:2253 Stressed Latest messages: In what direction? You throw 2 daggers. The 1st dagger hits the gecko. You kill the gecko! You have a little trouble lifting a - 2 uncursed +0 daggers (6 in total). You see here a gecko corpse. There is a gecko corpse here; eat it? [ynq] (n) This gecko corpse is fatty. You finish eating the gecko corpse. Where do you want to travel to? (For instructions type a '?') You climb up the stairs. You see here an empty unlocked chest. You have a little trouble lifting an empty unlocked chest. Continue? [ynq] (q) K - an empty unlocked chest. You rebalance your load. Movement is difficult. You fall down the stairs. Where do you want to travel to? (For instructions type a '?') There's some graffiti on the floor here. You read: "Thcy say tnat Vlad ives?!? .. in thc mazes.". The dwarf wields a broad short sword! What do you want to drop? [$abjkruzA-K or ?*] You drop a key. What do you want to throw? [$azEI or ?*] In what direction? You throw 2 daggers. The 1st dagger misses the dwarf. The 2nd dagger misses the dwarf. The dwarf thrusts his broad short sword. The dwarf hits! What do you want to throw? [$azEI or ?*] In what direction? You throw 2 daggers. The 1st dagger hits the dwarf. The 2nd dagger hits the dwarf. The dwarf thrusts his broad short sword. The dwarf hits! You miss the dwarf. The dwarf thrusts his broad short sword. The dwarf hits! You don't have enough stamina to move. The dwarf thrusts his broad short sword. The dwarf hits! You die... Do you want your possessions identified? [ynq] (y) Do you want to see your attributes? [ynq] (y) Do you want an account of creatures vanquished? [ynaq] (y) Do you want to see your conduct and achievements? [ynq] (y) Do you want to see the dungeon overview? [ynq] (y) Inventory: Coins $ - 6 gold pieces Weapons z - a blessed +0 sling a - 2 uncursed +0 daggers (wielded) E - an uncursed +0 scimitar I - an uncursed +0 scimitar Armor D - an uncursed +0 orcish helm F - an uncursed +0 orcish helm G - an uncursed +0 orcish helm J - an uncursed +0 orcish helm (being worn) H - a cursed -1 orcish helm named cursed r - a blessed +1 pair of low boots (being worn) u - a blessed +0 chain mail (being worn) Comestibles C - an uncursed food ration Potions B - an uncursed potion of gain ability Tools K - an empty uncursed unlocked chest j - an uncursed sack containing 9 items b - an uncursed towel Gems/Stones A - 3 uncursed rocks Contents of the sack: 563 gold pieces an uncursed tripe ration an uncursed scroll of teleportation an uncursed scroll of taming an uncursed scroll of confuse monster an uncursed scroll of identify an uncursed potion of restore ability an uncursed potion of sickness an uncursed wand of create monster (0:14) Ichbinmiah the Rogue's attributes: Background: You were a Cutpurse, a level 5 female human Rogue. You were chaotic, on a mission for Kos who was opposed by Issek (lawful) and Mog (neutral). You were in the Dungeons of Doom, on level 4. You entered the dungeon 2253 turns ago. You had 182 experience points, 138 more were needed to attain level 6. Basics: You had 0 out of 35 hit points. You had all 18 energy points (spell power). Your armor class was 2. Your wallet contained 6 zorkmids. Autopickup was on for '$?!/="+*' plus thrown, with exceptions. Final Characteristics: Your strength was 13 (limit:18/100). Your dexterity was 17 (limit:18). Your constitution was 14 (limit:18). Your intelligence was 11 (limit:18). Your wisdom was 12 (limit:18). Your charisma was 9 (limit:18). Final Status: You were not hungry. You were stressed; movement was moderately slowed. You were wielding daggers. You were skilled in dagger. Final Attributes: You were piously aligned. You were stealthy. You were warded. You are dead. Miscellaneous: You disabled loading of bones levels. Total elapsed playing time was 22 minutes and 35 seconds. Major events: Turn 1: ichbinmiah the chaotic female human Rogue entered the dungeon 1011: attained the rank of Cutpurse (level 3) 2062: entered the Gnomish Mines 2253: killed by a dwarf Vanquished creatures: a small mimic a gnome leader a kitten 6 hill orcs an iguana an acid blob a gas spore a hobbit a hobgoblin a giant rat 2 yellow molds a green mold 2 geckos a jackal 3 foxes 2 kobolds a goblin a sewer rat 4 grid bugs 2 lichens 10 newts 44 creatures vanquished. No species were genocided or became extinct. Voluntary challenges: You read items or engraved 1 time. You never engraved Elbereth. You never genocided any monsters. You never polymorphed an object. You never changed form. You used no wishes. Achievements: You attained the rank of Cutpurse. You entered a shop. You entered the Gnomish Mines. The Dungeons of Doom: levels 1 to 4 Level 1: "vault on level" A fountain. Level 2: "vault on level" Level 3: A general store, a fountain. Level 4: <- You were here. A fountain. Stairs down to The Gnomish Mines. Final resting place for you, killed by a dwarf. The Gnomish Mines: Level 5: Game over: ---------- / \ / REST \ / IN \ / PEACE \ / \ | ichbinmiah | | 569 Au | | killed by a | | dwarf | | | | | | 2022 | *| * * * | * _________)/\\_//(\/(/\)/\//\/|_)_______ Goodbye ichbinmiah the Rogue... You died in The Dungeons of Doom on dungeon level 4 with 1451 points, and 569 pieces of gold, after 2253 moves. You were level 5 with a maximum of 35 hit points when you died.